 Dungeon Crawl Stone Soup version 0.30.1-11-g7821555f0a (webtiles) character file.

Game seed: 17196602592972637190

352 hawla the Conjurer (level 6, -3/69 HPs)
             Began as a Draconian Conjurer on Jan 10, 2024.
             Slain by Duvessa
             ... wielding a +1 rapier of speed
              (16 damage)
             ... on level 4 of the Dungeon.
             The game lasted 00:10:05 (3216 turns).

hawla the Conjurer (Draconian Conjurer)             Turns: 3216, Time: 00:10:06

Health: -3/69      AC: 23    Str:  8 (9)  XL:     6   Next: 34%
Magic:  0/10       EV:  2    Int: 18 (21) God:
Gold:   104        SH:  0    Dex:  6 (9)  Spells: 3/10 levels left

rFire   . . .        f - +1 dagger (venom)
rCold   . . .        (no shield)
rNeg    . . .        (body armour unavailable)
rPois   +            (helmet currently unavailable)
rElec   .            i - melded +1 cloak
rCorr   .            (gloves currently unavailable)
SInv    .            (boots currently unavailable)
Will    .....        (no amulet)
Stlth   +            (no ring)
HPRegen 0.31/turn    (no ring)
MPRegen 0.12/turn

%: no passive effects
@: brilliant, tree-form, stuck, very slightly contaminated, hasted, very quick
A: stationary, stasis, torment immunity, boosted hp, AC +6, unfitting armour,
(cold-blooded), wild magic 1, (cold vulnerability 1), noise suppression
a: no special abilities


You were on level 4 of the Dungeon.
You were a tree.
You visited 2 branches of the dungeon, and saw 5 of its levels.

You collected 240 gold pieces.
You spent 136 gold pieces at shops.

Inventory:

Hand Weapons
 f - a +1 dagger of venom (weapon)
Armour
 i - a +1 cloak (melded)
Jewellery
 d - a ring of fire
Wands
 k - a wand of roots (3) (quivered)
 p - a wand of charming (5)
Scrolls
 a - a scroll of teleportation
 n - a scroll of amnesia {unknown}
 o - 2 scrolls of identify
Potions
 b - a potion of attraction
 c - a potion of curing
 e - a potion of haste
 g - 2 potions of mutation
 j - 2 potions of degeneration
 m - a potion of heal wounds {unknown}


   Skills:
 + Level 0.8 Fighting
 + Level 0.8 Short Blades
 + Level 2.9 Dodging
 - Level 2.0 Stealth
 + Level 2.7 Spellcasting
 + Level 4.9 Conjurations
 + Level 2.5 Translocations
 + Level 3.0 Evocations


You had 3 spell levels left.
You knew the following spells:

 Your Spells              Type           Power      Damage    Failure   Level
a - Magic Dart            Conj           100%       1d8       4%          1
b - Searing Ray           Conj           78%        2d7       5%          2
c - Iskenderun's Mystic   Conj/Tloc      31%        2d8       43%         4

Your spell library contained the following spells:

 Spells                   Type           Power      Damage    Failure   Level
 Summon Small Mammal      Summ           16%        N/A       24%         1
 Dazzling Flash           Conj/Hex       44%        N/A       26%         3
 Call Canine Familiar     Summ           4%         N/A       54%         3
 Summon Guardian Golem    Hex/Summ       4%         N/A       54%         3
 Tukima's Dance           Hex            4%         N/A       54%         3
 Fulminant Prism          Conj/Hex       11%        3d9       61%         4
 Passage of Golubria      Tloc           22%        N/A       61%         4
 Yara's Violent Unravell  Hex/Tmut       2%         3d3       99%         5


Dungeon Overview and Level Annotations

Branches:
Dungeon (4/15)             Temple (1/1) D:4

Altars:
Cheibriados
Dithmenos
Elyvilon
Fedhas
Gozag
Hepliaklqana
Kikubaaqudgha
Makhleb
Nemelex Xobeh
Okawaru
Qazlal
Ru
Sif Muna
Trog
Uskayaw
Wu Jian
Xom
Yredelemnul
Zin

Shops:
D:3 *

Annotations:
D:4 Duvessa


Innate Abilities, Weirdness & Mutations

You are a tree.
Your roots penetrate the ground, keeping you stationary.
You cannot be teleported.
You are immune to unholy pain and torment.
Your maximum health is greatly increased.
Your equipment is partially melded.
((Your plain brown scales are hard. (AC +6)))
You cannot fit into any form of body armour.
((You are cold-blooded and may be slowed by cold attacks.))
Your spells are a little harder to cast, but a little more powerful.
((You are vulnerable to cold. (rC-)))
You passively dampen the noise of your surroundings.


Message History

The mystic blast hits the black bear.
The black bear is lightly wounded.
The black bear is knocked back by the mystic blast.
The mystic blast hits Duvessa.
Duvessa is severely wounded.
Duvessa is knocked back by the mystic blast.
The mystic blast hits Dowan!
Dowan is almost dead.
Dowan is knocked back by the mystic blast.
Dowan slams into the rock wall!
You kill Dowan!
Duvessa screams in rage.
Duvessa goes berserk!
Unknown command.
Aiming: Fastroot
Press: ? - help, Shift-Dir - straight line, f/p - Duvessa
Aim: Duvessa, wielding a +1 rapier of speed and wearing a +0 leather armour (severely wounded, berserk, fast, very poisoned)
The roots erupt in riotous growth!
Roots grab Duvessa.
The grasping roots constrict Duvessa.
Duvessa struggles to escape constriction.
Aiming: Fastroot
Press: ? - help, Shift-Dir - straight line, f - black bear, p - Duvessa
Aim: a black bear (lightly wounded)
The roots erupt in riotous growth!
Duvessa is unaffected.
Roots grab the black bear.
The grasping roots constrict Duvessa.
The grasping roots constrict the black bear.
Duvessa escapes!
The black bear struggles to escape constriction.
Casting: Iskenderun's Mystic Blast (quite dangerous; 43% risk of failure)
Confirm with . or Enter, or press ? or * to list all spells.
The spell is quite dangerous to miscast (43% risk of failure)!
Continue anyway?
You feel a surge of power!
You miscast Iskenderun's Mystic Blast.
You are very lightly contaminated with residual magic.
You are caught in a field of spatial distortion.
You are magically locked in place.
The grasping roots constrict the black bear!
Duvessa hits you with a +1 rapier of speed!
You die...

#...# ...
#..........#≈≈≈≈.
##..#
######............#..
####
#..#.............#..
# .......##....###...
##.
.....#.#.....##...
.... #..#.......#####
..... ##.....#...##
#.....##......#####
#..h.e♣..#####
#....).### #...#.##
#.. ## ... .#


You could see Duvessa (berserk, fast, very poisoned) and a black bear (rooted).

Vanquished Creatures
  A scorpion (D:4)
  Dowan (D:4)
  2 iguanas
  Terence (D:2)
  7 adders
  An ufetubus (D:4)
  4 worms
  A dart slug (D:1)
  3 orcs (D:4)
  6 bats
  7 endoplasms
  4 giant cockroaches
  7 goblins
  5 hobgoblins
  10 jackals
  5 quokkas
  10 ball pythons
  2 frilled lizards (D:1)
  5 kobolds
  4 rats
86 creatures vanquished.

Notes
Turn   | Place    | Note
-------+----------+-------------------------------------------
     0 | D:1      | hawla the Draconian Conjurer began the quest for the Orb.
     0 | D:1      | Reached XP level 1. HP: 14/14 MP: 3/3
   118 | D:1      | Found a faded altar of an unknown god.
   123 | D:1      | Reached XP level 2. HP: 20/20 MP: 0/5
   307 | D:1      | Learned a level 2 spell: Searing Ray
   669 | D:1      | Reached XP level 3. HP: 26/26 MP: 6/6
  1319 | D:2      | Reached XP level 4. HP: 34/34 MP: 7/7
  1325 | D:2      | Learned a level 4 spell: Iskenderun's Mystic Blast
  1625 | D:2      | Noticed Terence
  1643 | D:2      | Killed Terence
  1644 | D:2      | Reached skill level 1 in Translocations
  2181 | D:3      | Reached XP level 5. HP: 25/39 MP: 1/8
  2339 | D:3      | Found Epeazang's Assorted Antiques.
  2347 | D:3      | Bought a coppery potion for 16 gold pieces
  2347 | D:3      | Bought a coppery potion for 16 gold pieces
  2347 | D:3      | Bought 2 fuming dark potions for 32 gold pieces
  2347 | D:3      | Bought a sharpened lead wand for 72 gold pieces
  2583 | D:4      | Found a sacrificial altar of Ru.
  2695 | D:4      | Found a bloodstained altar of Trog.
  2779 | D:4      | Reached XP level 6. HP: 38/46 MP: 10/10
  2816 | D:4      | Found a staircase to the Ecumenical Temple.
  2828 | Temple   | Entered the Ecumenical Temple
  3188 | D:4      | Noticed Duvessa
  3190 | D:4      | Noticed Dowan
  3210 | D:4      | Gained mutation: You are vulnerable to cold. (rC-) [potion
                  | of mutation]
  3210 | D:4      | Gained mutation: Your spells are a little harder to cast,
                  | but a little more powerful. [potion of mutation]
  3210 | D:4      | Gained mutation: You passively dampen the noise of your
                  | surroundings. [potion of mutation]
  3213 | D:4      | Killed Dowan
  3216 | D:4      | Slain by Duvessa

Illustrated notes

Levels and vault maps discovered:
D:1:      zelgadis_glass_arrival_small, layout_basic,
          dreamdust_ecumenical_altar_statues, minivault_27, patterned_corridor
D:2:      layout_loops_corners, uniq_terence
D:3:      layout_rooms, serial_shops, shop, hangedman_decor_clover_reticule
D:4:      layout_cave_pools, mainiacjoe_overflow_large_starburst,
          minmay_temple_entry_junction, serial_rivers,
          chequers_serial_rivers_micro_d, chequers_serial_rivers_room_a,
          chequers_serial_rivers_micro_a, chequers_serial_rivers_micro_e,
          chequers_serial_rivers_micro_a, chequers_serial_rivers_small_a,
          minmay_misc_feat_roman, eino_small_chamber_without_monster,
          uniq_duvessa
Temple:   bh_familiar_temple

Skill      XL: |  1  2  3  4  5  6 |
---------------+-------------------+-----
Dodging        | 2 |  2.9
Stealth        | 2 |  2.0
Translocations | 2 |  2.5
Evocations     | 2 3 |  3.0
Fighting       | |  0.8
Short Blades   | |  0.8
Spellcasting   | |  2.7
Conjurations   | |  4.9

Action                     |  1- 3 |  4- 6 || total
---------------------------+-------+-------++-------
  Melee: Unarmed           |    26 |       ||    26
         Dagger            |    64 |   176 ||   240
         Tailslap          |    10 |    18 ||    28
         Punch             |     1 |     2 ||     3
   Cast: Magic Dart        |    19 |     4 ||    23
         Searing Ray       |     7 |     5 ||    12
         Iskenderun's Myst |       |     4 ||     4
  Evoke: Wand              |       |     2 ||     2
    Use: Potion            |     1 |     7 ||     8
         Scroll            |     2 |     1 ||     3
   Stab: Sleeping          |     2 |     3 ||     5
 Armour: Skin              |    66 |   108 ||   174
  Dodge: Dodged            |    82 |   167 ||   249
